 Dungeon Sprint DCSS version 0.28.0-53-g5a82cb258f (webtiles) character file.

Game seed: 7755401118693798328

272081 Groucho the Imperceptible (level 12, 49/64 HPs)
             Began as a Felid Berserker on July 30, 2022.
             Was the Champion of Trog.
             Escaped with the Orb!
             The game lasted 00:09:47 (3364 turns).

Groucho the Imperceptible (Felid Berserker)         Turns: 3364, Time: 00:09:47

Health: 49/64      AC:  3    Str: 19    XL:     12   Next: 24%
Magic:  9/13       EV: 33    Int: 10    God:    Trog [******]
Gold:   2024       SH:  0    Dex: 19    Spells: 11/11 levels left
                                        Lives:  2   Deaths: 0

rFire   . . .      SeeInvis +     - Unarmed
rCold   + . .      Faith    .   (shield unavailable)
rNeg    . . .      Spirit   +   (armour unavailable)
rPois   .          Reflect  .   (helmet unavailable)
rElec   .          Harm     .   (cloak unavailable)
rCorr   .          Rampage  .   (gloves unavailable)
Will    +....      NoTele   +   (boots unavailable)
Stlth   ++++......              l - amulet of guardian spirit
HPRegen 0.20/turn               i - +6 ring of strength
MPRegen 0.13/turn               k - ring of flight

@: on berserk cooldown, flying, slowed, slow
A: very small, claws 1, fangs 3, see invisible, speed 1, shaggy fur 3, stealthy
paws, no weapons or thrown items, no armour, multi-lived
0: Orb of Zot
a: Renounce Religion, Berserk, Trog's Hand, Brothers in Arms


You escaped.
You worshipped Trog.
Trog was exalted by your worship.
You visited 1 branch You collected 2796 gold pieces.
You spent 772 gold pieces at shops.

Inventory:

Jewellery
 i - a +6 ring of strength (left paw)
 k - a ring of flight (right paw)
 l - an amulet of guardian spirit (around neck)
 n - a ring of protection from fire
 q - the ring "Owuxtoum" {MP+9 Str+3}
   (You found it in the Dungeon)

   [ring of magical power]

   Str:       It affects your strength (+3).
   MP:        It affects your magic capacity (+9).
Wands
 g - a wand of digging (1)
Scrolls
 f - a scroll of enchant armour {unknown}
 j - a scroll of summoning {unknown}
 m - a scroll of fog {unknown}
 o - a scroll of immolation {unknown}
 r - a scroll of identify {unknown}
 t - a scroll of holy word {unknown}
 u - a scroll of fear {unknown}
 v - a scroll of enchant weapon {unknown}
Potions
 a - 5 potions of curing
 b - 2 potions of heal wounds
 d - 2 potions of magic
 e - a potion of berserk rage
 h - 2 potions of mutation {unknown}
 p - a potion of lignification {unknown}
 s - a potion of resistance {unknown}


   Skills:
 + Level 14.8 Fighting
 + Level 18.9 Dodging
 + Level 26.7 Stealth
 + Level 14.8 Unarmed Combat


You had 11 spell levels left.
You didn't know any spells.
Your spell library was empty.

Dungeon Overview and Level Annotations

Branches:
Dungeon (1/1)

Altars:
Cheibriados
Dithmenos
Elyvilon
Fedhas
Gozag
Hepliaklqana
Kikubaaqudgha
Makhleb
Nemelex Xobeh
Okawaru
Qazlal
Ru
Sif Muna
Trog
Uskayaw
Vehumet
Wu Jian
Xom
Yredelemnul
Zin
The Shining One
Jiyva
Lugonu

Shops:
D =*(??*?:*[(=[[([!*

Annotations:
D Tiamat


Innate Abilities, Weirdness & Mutations

You have sharp claws.
You have razor-sharp teeth.
You have supernaturally acute eyesight. (SInv)
You cover ground quickly. (Speed+)
Your thick and shaggy fur keeps you warm. (AC +3, rC+)
Your paws help you pounce on unaware monsters.
You are incapable of wielding weapons or throwing items.
You cannot wear armour.
You gain extra lives every three experience levels.


Message History

You start waiting.
You feel yourself speed up.
You start waiting.
You recover from your berserk rage.
You start waiting.
A hellion comes into view.
A hellion is nearby!
A red film seems to cover your vision as you go berserk!
You feel yourself moving faster!
You feel mighty!
You feel a strong urge to attack something.
You closely miss the hellion. The hellion completely misses you.
You mangle the hellion!!
The hellion is heavily wounded.
You claw the hellion!
The hellion is almost dead.
The hellion completely misses you.
You mangle the hellion!!
You kill the hellion!
Trog accepts your kill.
No target in view!
There is a staircase leading out of the dungeon here.
You start waiting.
You feel a strong urge to attack something.
You start waiting.
You are no longer berserk.
You are exhausted.
You feel yourself slow down.
You start waiting.
Yjaixkoo comes into view.
Yjaixkoo is nearby!
Yjaixkoo is nearby!
Yjaixkoo is nearby!
Yjaixkoo is nearby!
Unknown command.
A hellwing comes into view.
Yjaixkoo gestures at you. The bolt of fire misses you.
There is a staircase leading out of the dungeon here.
Yjaixkoo hits you!!
You have escaped!

##################
#@&#..').#.)'..#__
#.)4..#..'..#..'..
#..#####'#####'#__
#..####..#...#.###
#..#__####..##(#≈§
#..#_____##'#_.'≈§
#⌠⌠#_.∩...'..._#≈≈
####_..__##_.#'##+
#_____###'#(#)(


You could see Yjaixkoo and a hellwing.

Vanquished Creatures
  A golden dragon (D)
  A shadow dragon (D)
  A hydra (D)
  2 centaur warriors (D)
  Sonja (D)
  A deep troll (D)
  A lindwurm (D)
  An oklob plant (D)
  A hellion (D)
  7 unseen horrors (D)
  A tormentor (D)
  A hornet (D)
  A slime creature (D)
  Sigmund (D)
  A yak (D)
  13 hogs (D)
  2 redbacks (D)
  2 floating eyes (D)
  7 necrophages (D)
  An ogre (D)
  8 jellies (D)
  Ijyb (D)
56 creatures vanquished.

Vanquished Creatures (collateral kills)
  4 fire giants (D)
  A gargoyle (D)
  4 demonic crawlers (D)
  2 kobold demonologists (D)
  A floating eye (D)
12 creatures vanquished.

Vanquished Creatures (others)
  2 ballistomycete spores (D)
2 creatures vanquished.

Grand Total: 70 creatures vanquished

Notes
Turn   | Place    | Note
-------+----------+-------------------------------------------
     0 | D        | Groucho the Felid Berserker began the quest for the Orb.
     0 | D        | Reached XP level 1. HP: 10/10 MP: 2/2
     2 | D        | Noticed Ijyb
    13 | D        | Killed Ijyb
    14 | D        | Reached skill level 8 in Stealth
    14 | D        | Reached XP level 2. HP: 10/14 MP: 3/3
   380 | D        | Noticed an ogre
   383 | D        | Killed an ogre
   384 | D        | Reached skill level 12 in Stealth
   384 | D        | Reached XP level 3. HP: 17/17 MP: 4/4
   384 | D        | Reached XP level 4. HP: 21/21 MP: 5/5
   534 | D        | Noticed Sigmund
   536 | D        | Killed Sigmund
   536 | D        | Reached ** piety under Trog
   537 | D        | Reached skill level 17 in Stealth
   537 | D        | Reached XP level 5. HP: 24/24 MP: 6/6
   537 | D        | Gained mutation: You are covered in thick fur. (AC +2)
                  | [Felid growth]
   537 | D        | Reached XP level 6. HP: 28/28 MP: 7/7
   549 | D        | Found a shimmering blue altar of Sif Muna.
   550 | D        | Found an ornate altar of the Wu Jian Council.
   551 | D        | Found a radiant altar of Vehumet.
   557 | D        | Found Novy's General Store.
   557 | D        | Found an ancient bone altar of Kikubaaqudgha.
   557 | D        | Found a hazy altar of Hepliaklqana.
   557 | D        | Found a stormy altar of Qazlal.
   557 | D        | Found a hide-covered altar of Uskayaw.
   557 | D        | Found a blossoming altar of Fedhas.
   557 | D        | Found a bloodstained altar of Trog.
   557 | D        | Found an iron altar of Okawaru.
   557 | D        | Found a basalt altar of Yredelemnul.
   557 | D        | Found a glowing golden altar of the Shining One.
   557 | D        | Found a snail-covered altar of Cheibriados.
   557 | D        | Found a sacrificial altar of Ru.
   557 | D        | Found a glowing silver altar of Zin.
   557 | D        | Found a shadowy altar of Dithmenos.
   557 | D        | Found a white marble altar of Elyvilon.
   557 | D        | Noticed a yak
   558 | D        | Found an opulent altar of Gozag.
   559 | D        | Killed a yak
   560 | D        | Reached skill level 19 in Stealth
   560 | D        | Found a sparkling altar of Nemelex Xobeh.
   610 | D        | Found a burning altar of Makhleb.
   610 | D        | Found a shimmering altar of Xom.
   610 | D        | Noticed a slime creature
   611 | D        | Found a viscous altar of Jiyva.
   611 | D        | Found a corrupted altar of Lugonu.
   613 | D        | Killed a slime creature
   613 | D        | Reached *** piety under Trog
   614 | D        | Reached skill level 5 in Dodging
   614 | D        | Reached XP level 7. HP: 32/32 MP: 8/8
   634 | D        | Noticed a centaur warrior
   636 | D        | Noticed a centaur warrior
   637 | D        | Killed a centaur warrior
   638 | D        | Reached skill level 20 in Stealth
   638 | D        | Reached XP level 8. HP: 39/39 MP: 9/9
   638 | D        | Killed a centaur warrior
   639 | D        | Reached skill level 21 in Stealth
   651 | D        | Noticed a hornet
   654 | D        | Killed a hornet
   655 | D        | Reached skill level 10 in Dodging
   655 | D        | Reached XP level 9. HP: 44/44 MP: 10/10
   664 | D        | Noticed an oklob plant
   666 | D        | Killed an oklob plant
   666 | D        | Reached **** piety under Trog
   674 | D        | Reached skill level 22 in Stealth
   840 | D        | Noticed an unseen horror
   840 | D        | Noticed an unseen horror
   846 | D        | Killed an unseen horror
   848 | D        | Killed an unseen horror
   848 | D        | Reached ***** piety under Trog
  1264 | D        | Reached ****** piety under Trog
  1533 | D        | Identified the +4 scale mail "Xuybrots" {*Corrode Str+5}
  1536 | D        | Reached skill level 10 in Fighting
  1536 | D        | Reached skill level 10 in Unarmed Combat
  1536 | D        | Reached XP level 10. HP: 51/51 MP: 11/11
  1556 | D        | Found Qiragowk's Magic Scroll Shoppe.
  1556 | D        | Found Fotulese's Weapon Shop.
  1556 | D        | Found Bewk's Magic Scroll Boutique.
  1558 | D        | Found Zyathiqe's General Store.
  1558 | D        | Found Ruubb's Magic Scroll Shop.
  1558 | D        | Found Muniet's Book Shoppe.
  1558 | D        | Found Xyeb's General Store.
  1558 | D        | Found Nabibb's Antique Armour Emporium.
  1558 | D        | Found Juxeuj's Weapon Shop.
  1558 | D        | Found Kaush's Jewellery Shoppe.
  1560 | D        | Found Qaagyxoy's Antique Armour Boutique.
  1561 | D        | Found Diczum's Weapon Emporium.
  1561 | D        | Found Keufoekh's Antique Armour Boutique.
  1562 | D        | Found Terocw's Distillery.
  1597 | D        | Bought a ring of flight for 192 gold pieces
  1599 | D        | Bought an amulet of guardian spirit for 330 gold pieces
  1658 | D        | Noticed a deep troll
  1660 | D        | Killed a deep troll
  1661 | D        | Reached skill level 23 in Stealth
  1672 | D        | Found Pymmam Ugarch's Armour Emporium.
  1684 | D        | Noticed Sonja
  1687 | D        | Killed Sonja
  1700 | D        | Found Xifoomp's Jewellery Boutique.
  1708 | D        | Bought a ring of protection from fire for 250 gold pieces
  1893 | D        | Reached skill level 24 in Stealth
  1893 | D        | Noticed a gargoyle
  1894 | D        | Killed a gargoyle
  1895 | D        | Reached skill level 15 in Dodging
  2213 | D        | Noticed a lindwurm
  2215 | D        | Killed a lindwurm
  2242 | D        | Reached XP level 11. HP: 52/57 MP: 10/12
  2621 | D        | Noticed a 12-headed hydra
  2623 | D        | Killed a 12-headed hydra
  2626 | D        | Reached skill level 25 in Stealth
  2694 | D        | Noticed a golden dragon
  2697 | D        | Noticed a shadow dragon
  2700 | D        | Killed a shadow dragon
  2701 | D        | Identified the ring "Owuxtoum" {MP+9 Str+3}
  2702 | D        | Killed a golden dragon
  2763 | D        | Found Tepestrei's General Store.
  2823 | D        | Noticed a daeva
  2916 | D        | Noticed a fire giant
  2919 | D        | Noticed a fire giant
  2920 | D        | Noticed a fire giant
  2921 | D        | Noticed a fire giant
  2932 | D        | Killed a fire giant
  2933 | D        | Reached skill level 26 in Stealth
  2935 | D        | Killed a fire giant
  2936 | D        | Gained mutation: Your thick and shaggy fur keeps you warm.
                  | (AC +3, rC+) [Felid growth]
  2936 | D        | Reached XP level 12. HP: 37/64 MP: 8/13
  2937 | D        | Killed a fire giant
  2941 | D        | Killed a fire giant
  3070 | D        | Found the +4 dragonskin cloak
  3070 | D        | Noticed Tiamat
  3072 | D        | Got the Orb of Zot
  3360 | D        | Noticed Yjaixkoo the pandemonium lord
  3364 | D        | Escaped with the Orb!

Illustrated notes

Levels and vault maps discovered:
D:        dungeon_sprint_1 [red_sonja_temple_1, red_sonja_temple_small_1]

Skill      XL: |  1  2  3  4  5  6  7  8  9 10 11 |
---------------+----------------------------------+-----
Stealth        | 8 12 17 19 20 21 22 24 26 | 26.7
Fighting       | 4 6 7 10 12 14 | 14.8
Dodging        | 5 8 10 12 15 18 | 18.9
Unarmed Combat | 4 6 7 10 12 14 | 14.8

Action                   |  1- 3 |  4- 6 |  7- 9 | 10-12 || total
-------------------------+-------+-------+-------+-------++-------
Melee: Unarmed           |     8 |     4 |    36 |   102 ||   150
       Bite              |     2 |       |     4 |    11 ||    17
       Punch             |       |       |       |     9 ||     9
Invok: Berserk           |     2 |       |     3 |     2 ||     7
       Brothers in Arms  |       |       |       |     5 ||     5
       Trog's Hand       |       |       |       |     2 ||     2
Evoke: Wand              |       |       |       |     1 ||     1
  Use: Scroll            |       |       |     1 |       ||     1
       Potion            |       |       |       |     1 ||     1
 Stab: Sleeping          |     1 |     4 |    12 |    10 ||    27
       Distracted        |       |       |       |     1 ||     1
Armor: Skin              |       |       |       |     5 ||     5
Dodge: Dodged            |     3 |       |    18 |   136 ||   157
